 Dungeon Crawl Stone Soup version 0.29-a0-330-g52719c12eb (webtiles) character file.

Game seed: 14166686727932136568

200 Ajdolov the Shooter (level 5, -3/32 HPs)
             Began as a Tengu Hunter on Apr 21, 2022.
             Killed from afar by Blork the orc (8 damage)
             ... with a puff of flame
             ... on level 4 of the Dungeon.
             The game lasted 00:02:24 (2179 turns).

Ajdolov the Shooter (Tengu Hunter)                  Turns: 2179, Time: 00:02:25

Health: -3/32      AC:  3    Str: 11    XL:     5   Next: 78%
Magic:  6/6        EV: 14    Int: 10    God:
Gold:   112        SH:  0    Dex: 19    Spells: 4/4 levels left

rFire   . . .      SeeInvis .   a - +1 shortbow
rCold   . . .      Faith    .   (shield currently unavailable)
rNeg    . . .      Spirit   .   b - +0 leather armour
rPois   .          Reflect  .   (helmet restricted)
rElec   .          Harm     .   (no cloak)
rCorr   .          Rampage  .   (no gloves)
Will    .....                   (boots unavailable)
Stlth   ++........              (no amulet)
HPRegen 0.10/turn               (no ring)
MPRegen 0.10/turn               (no ring)

@: flying quickly and evasively, quick
A: beak, talons 3, nimble flight
a: no special abilities


You were on level 4 of the Dungeon.
You visited 1 branch of the dungeon, and saw 5 of its levels.

You collected 112 gold pieces.

Inventory:

Hand Weapons
 a - a +1 shortbow (weapon)
Armour
 b - a +0 leather armour (worn)
Scrolls
 c - 3 scrolls of immolation
 e - 3 scrolls of identify {unknown}
 g - a scroll of magic mapping {unknown}
 h - 3 scrolls of enchant armour {unknown}
Potions
 d - a potion of might {unknown}
 f - a potion of flight {unknown}
 i - a potion of mutation {unknown}
 j - a potion of brilliance {unknown}
 k - a potion of curing {unknown}


   Skills:
 + Level 3.6 Fighting
 * Level 6.6 Bows
 - Level 2.1 Dodging
 - Level 1.0 Stealth


You had 4 spell levels left.
You didn't know any spells.
Your spell library contained the following spells:

 Spells                   Type           Power      Damage    Failure   Level
 Sandblast                Erth           0%         2d4       45%         1
 Passwall                 Tmut/Erth      0%         N/A       58%         2
 Stone Arrow              Conj/Erth      0%         3d7       83%         3
 Iskenderun's Battlesphe  Conj           0%         2d6       100%        5
 Iron Shot                Conj/Erth      0%         9d1       100%        6
 Spellforged Servitor     Conj/Summ      0%         N/A       100%        7


Dungeon Overview and Level Annotations

Branches:
Dungeon (5/15)
 Temple: D:4-7

Altars:
Ru
Xom
Yredelemnul

Annotations:
D:4 Blork the orc


Innate Abilities, Weirdness & Mutations

You have a beak for a mouth.
You have claws for feet.
Your magical nature lets you fly swiftly and evasively.


Message History

a +0 mace; a +0 short sword; 3 boomerangs
Found a stone staircase leading down.
Blork the orc comes into view.
He is wielding a +0 short sword.
You shoot an arrow. The arrow hits Blork the orc.
Blork the orc shouts!
Blork the orc is lightly wounded.
You shoot an arrow. The arrow barely misses Blork the orc.
Blork the orc gestures at you while chanting.
The puff of frost hits you.
You shoot an arrow. The arrow hits Blork the orc.
Blork the orc is moderately wounded.
You shoot an arrow. The arrow hits Blork the orc.
Blork the orc is moderately wounded.
You shoot an arrow. The arrow hits Blork the orc.
Blork the orc is moderately wounded.
Blork the orc gestures at you while chanting.
The puff of frost hits you.
Blork the orc points at you and mumbles some strange words.
The puff of frost hits you.
Things that are here:
a +0 mace; a +0 short sword; 3 boomerangs Blork the orc gestures at you while chanting.
The puff of frost hits you.
Things that are here:
a +0 dagger; a +0 ring mail
Items here: )) [[ †.
Blork the orc gestures wildly while chanting.
Blork the orc seems to speed up.
Blork the orc screams, "I'll rip your head off!"
Blork the orc points at you and mumbles some strange words.
The magic dart hits you.
Blork the orc points at you and mumbles some strange words.
The puff of flame misses you.
Blork the orc gestures at you while chanting.
The magic dart hits you!
* * * LOW HITPOINT WARNING * * *
Blork the orc is no longer moving quickly.
Blork the orc gestures at you while chanting.
The puff of flame hits you!
You die...

#... #.#. #.#. #.#.
#.#. #.#.
############.#.
##########
######.....#........
.........#
##..@.#..)..#.####.#.
.......###
#...#....<.....# #.#.
.......#
#...###........# #...
.......# ##...#
####.....###...
.......# #o..##
#.....'.#.>. ####'###
##...# #.....#.#...
#.# ##...##
#.....#.##..
#.#####...##
#.....#.##..
#.#.##...##
#...).#.##..


You could see Blork the orc.

Vanquished Creatures
  An orc priest (D:4)
  2 iguanas (D:3)
  An orc wizard (D:4)
  2 adders
  A dart slug (D:4)
  9 orcs
  6 ball pythons
  7 endoplasms
  2 giant cockroaches (D:1)
  4 goblins
  3 hobgoblins (D:1)
  8 jackals
  5 kobolds
  2 quokkas
  2 bats
  2 frilled lizards (D:1)
  4 rats
61 creatures vanquished.

Notes
Turn   | Place    | Note
-------+----------+-------------------------------------------
     0 | D:1      | Ajdolov the Tengu Hunter began the quest for the Orb.
     0 | D:1      | Reached XP level 1. HP: 12/12 MP: 2/2
    83 | D:1      | Reached XP level 2. HP: 17/17 MP: 3/3
   254 | D:1      | Reached skill level 5 in Bows
   356 | D:1      | Reached XP level 3. HP: 22/22 MP: 4/4
   774 | D:2      | You fall into a shaft and drop 2 floors!
  1119 | D:3      | Reached XP level 4. HP: 27/27 MP: 5/5
  1179 | D:3      | Reached skill level 6 in Bows
  1294 | D:3      | Gained mutation: Your magical nature lets you fly swiftly
                  | and evasively. [Tengu growth]
  1294 | D:3      | Reached XP level 5. HP: 32/32 MP: 6/6
  1380 | D:3      | Found a basalt altar of Yredelemnul.
  1380 | D:3      | Found a sacrificial altar of Ru.
  1601 | D:3      | You are sucked into a shaft and drop 2 floors!
  1601 | D:5      | Entered Level 5 of the Dungeon
  1606 | D:5      | Noticed an ogre
  1617 | D:4      | Found a shimmering altar of Xom.
  2133 | D:4      | Noticed Blork the orc
  2179 | D:4      | Killed from afar by Blork the orc

Illustrated notes

Levels and vault maps discovered:
D:1:      shiori_arrival_maze, layout_basic, st_stairs_1
D:2:      layout_loops_ring
D:3:      layout_loops_ring, mainiacjoe_overflow_divided_tiny
D:4:      layout_basic, mainiacjoe_overflow_concentric_impassable,
          serial_curves, eino_curves_04, eino_curves_01, eino_curves_02,
          grunt_ministairs_3, uniq_blork_the_orc
D:5:      layout_basic, gammafunk_ghost_abyssal_escape, minmay_puff

Skill      XL: |  1  2  3  4 |
---------------+-------------+-----
Bows           | 5 6 |  6.6
Fighting       | 3 |  3.6
Dodging        | |  2.1
Stealth        | |  1.0

Action                   |  1- 3 |  4- 6 || total
-------------------------+-------+-------++-------
 Fire: Shortbow          |    88 |    67 ||   155
  Use: Potion            |       |     2 ||     2
Armor: Leather armour    |     6 |     1 ||     7
Dodge: Dodged            |    20 |    16 ||    36

Table legend: (Time is in decaauts)
 A = Elapsed time spent in this place.
 B = Non-inter-level travel time spent in this place.
 C = Inter-level travel time spent in this place.
 D = Time resting spent in this place.
 E = Time spent auto-exploring this place.
 F = Levels seen in this place.
 G = Mean time per level.
                   A        B        C        D        E       F      G
               +--------+--------+--------+--------+--------+-----+--------+
         Total |   2143 |   2106 |     37 |    218 |   1528 |   5 |  428.6 |
       Dungeon |   2143 |   2106 |     37 |    218 |   1528 |   5 |  428.6 |
               +--------+--------+--------+--------+--------+-----+--------+

Top non-repeatable levels by time:
     D:4: 829 daAuts
     D:1: 761 daAuts
     D:3: 504 daAuts
     D:2: 34 daAuts
     D:5: 14 daAuts
